Map: Cyber Forest LE

Players

NORTHAMERICA - Winner!

  • Race: Protoss Protoss
  • League: Grandmaster
  • Spawn Location: 5:00

llllllllllll

  • Race: Zerg Zerg
  • Spawn Location: 11:00

VOD

Have the link to the VOD?

Description

Time

  • Played on: June 10, 2019, 1:55 a.m.
  • Length: 22:44
Show
View Real Time Build Order
Export as new Build Order

NORTHAMERICA Protoss - Winner!

Build Orders: Cannon Rush 

Get SALT Encoding   

  12  0:01  Probe  
  13  0:13  Probe  
  14  0:19  Pylon  
  14  0:25  Probe  
  15  0:35  Probe  
  15  0:39  Forge  
  16  0:43  Probe  
  17  0:52  Probe  
  18  1:04  Probe  
  19  1:07  Pylon  
  19  1:16  Probe  
  20  1:25  Photon Cannon  
  20  1:26  Gateway  
  20  1:29  Pylon  
  20  1:39  Probe  
  21  1:42  Assimilator  
  21  1:49  Photon Cannon  
  21  1:59  Photon Cannon  
  21  2:17  Cybernetics Core  
  21  2:19  Photon Cannon  
  21  2:28  Photon Cannon  
  21  2:41  Pylon  
  21  2:44  Stalker  
  21  2:53  Pylon  
  21  2:55  Shield Battery  
  23  3:03  Shield Battery  
  23  3:06  Shield Battery  
  23  3:11  Stalker  
  23  3:13  Photon Cannon  
  25  3:29  Shield Battery  
  25  3:38  Shield Battery  
  25  3:39  Stalker  
  25  3:58  Probe  
  24  4:02  Warp Gate  
  24  4:06  Assimilator  
  24  4:10  Probe  
  25  4:32  Stargate  
  25  4:40  Nexus  
  25  4:48  Pylon  
  25  4:51  Probe  
  26  5:07  Gateway, Oracle  
  26  5:09  Photon Cannon  
  29  5:32  Pylon  
  27  5:36  Oracle  
  27  5:42  Probe  
  28  5:49  Pylon  
  31  5:54  Probe  
  32  6:01  Probe  
  33  6:07  Gateway  
  33  6:13  Void Ray  
  33  6:16  Adept  
  39  6:19  Probe  
  40  6:32  Gateway  
  40  6:33  Probe  
  40  6:35  Probe  
  40  6:38  Sentry  
  44  6:41  Probe  
  45  6:47  Probe  
  45  6:51  Probe  
  47  6:58  Twilight Council  
  47  6:59  Probe  
  48  7:03  Probe  
  48  7:07  Pylon  
  49  7:11  Probe  
  50  7:15  Probe  
  50  7:22  Assimilator  
  51  7:23  Pylon, Probe  
  51  7:25  Charge, Assimilator  
  51  7:26  Protoss Ground Weapons Level 1  
  51  7:27  Robotics Facility  
  51  7:28  Probe  
  53  7:35  Probe  
  54  7:40  Probe  
  55  7:47  Probe  
  56  7:52  Probe  
  56  7:56  Gateway  
  56  7:58  Templar Archives  
  57  8:00  Probe  
  57  8:04  Probe  
  59  8:07  Zealot  
  61  8:14  Gateway  
  61  8:22  Warp Prism  
  61  8:26  Probe  
  62  8:34  Probe  
  65  8:40  High Templar x2  
  69  8:44  Pylon  
  69  8:47  Pylon, Archon  
  69  8:50  Nexus  
  69  8:53  Pylon  
  69  8:58  Probe  
  69  9:02  Observer  
  71  9:03  Gateway  
  71  9:05  Pylon, High Templar x2  
  71  9:07  Probe  
  71  9:09  Archon  
  76  9:13  Photon Cannon  
  76  9:15  Psionic Storm, Zealot x2  
  80  9:21  Probe  
  81  9:31  Probe  
  82  9:33  Zealot  
  82  9:34  Probe  
  82  9:38  Zealot x2  
  81  9:55  Probe x2  
  81  10:01  High Templar  
  81  10:02  High Templar x2  
  81  10:07  Probe, Zealot x3  
  88  10:12  Assimilator  
  94  10:15  Assimilator  
  94  10:19  Shield Battery  
  86  10:28  Zealot x3  
  88  10:30  Probe  
  88  10:32  Probe  
  90  10:40  Photon Cannon  
  85  10:42  Probe  
  85  10:44  Protoss Ground Weapons Level 2, Probe  
  85  10:49  High Templar x2  
  90  10:53  Pylon, High Templar  
  90  10:54  High Templar, Zealot x2  
  98  10:58  Immortal, Archon  
  102  11:13  Pylon  
  102  11:15  Pylon  
  102  11:16  Zealot x2  
  106  11:23  Zealot x2  
  110  11:27  Immortal  
  110  11:37  High Templar  
  116  11:47  Nexus  
  116  11:49  High Templar x2  
  116  11:50  Pylon  
  116  11:52  Gateway  
  116  11:53  Gateway, Archon  
  120  11:56  Photon Cannon  
  120  11:57  Zealot x2  
  124  12:08  Immortal  
  128  12:15  High Templar x2  
  129  12:20  Archon  
  129  12:21  High Templar  
  131  12:28  Photon Cannon  
  131  12:29  Photon Cannon  
  131  12:31  Photon Cannon  
  131  12:32  Shield Battery  
  131  12:35  Pylon  
  131  12:38  High Templar x2  
  131  12:41  Photon Cannon  
  131  12:43  Archon  
  135  12:44  Shield Battery  
  135  12:48  Shield Battery  
  135  12:49  Immortal  
  139  13:07  Zealot x5  
  139  13:08  Zealot  
  151  13:15  Assimilator  
  151  13:16  Blink, Probe  
  151  13:18  Probe  
  151  13:19  Assimilator  
  153  13:24  Probe  
  146  13:37  High Templar x2  
  146  13:38  Stalker x3  
  148  13:44  Probe  
  148  13:45  Archon  
  148  13:46  High Templar  
  151  13:49  Photon Cannon  
  151  13:51  Stalker  
  151  13:52  Stalker  
  151  14:01  Photon Cannon  
  137  14:03  Photon Cannon  
  137  14:11  Probe  
  137  14:13  Protoss Ground Weapons Level 3  
  137  14:14  Stalker  
  137  14:15  Stalker x3  
  144  14:22  Warp Prism  
  136  14:26  Probe  
  136  14:29  Shield Battery  
  137  14:36  High Templar x2  
  137  14:37  High Templar x2  
  147  14:39  Zealot x2  
  147  14:40  Zealot x2  
  147  14:43  Archon x2  
  155  14:48  Shield Battery  
  155  14:50  Pylon  
  152  15:00  Probe  
  152  15:03  Stalker  
  152  15:04  Stalker x3  
  154  15:15  Stalker x2  
  154  15:16  Stalker  
  154  15:18  Probe  
  151  15:23  Photon Cannon x2  
  151  15:26  Photon Cannon, High Templar x2  
  153  15:31  Archon  
  153  15:34  High Templar  
  155  15:45  High Templar  
  155  15:46  Zealot  
  155  15:47  Zealot  
  155  15:48  Zealot  
  151  16:03  Archon x2  
  127  16:04  Stalker  
  127  16:05  Stalker x2  
  127  16:08  Warp Prism  
  122  16:13  High Templar  
  122  16:14  High Templar x3  
  122  16:28  Photon Cannon  
  122  16:31  Pylon  
  122  16:32  Photon Cannon  
  120  16:33  Photon Cannon  
  120  16:40  High Templar x2  
  120  16:41  High Templar x2  
  120  16:45  Archon x2  
  126  16:54  Observer  
  126  16:55  Stalker  
  126  16:56  Stalker x3  
  128  17:09  Zealot x2  
  128  17:13  Zealot  
  128  17:14  Zealot  
  136  17:20  Probe  
  109  17:30  Zealot x4  
  109  17:34  Archon  
  111  17:38  Immortal, Archon  
  95  17:48  Probe  
  95  17:49  High Templar x4  
  90  18:11  Zealot x4  
  92  18:17  Immortal  
  90  18:22  High Templar x2  
  90  18:26  High Templar x2  
  96  18:27  Archon  
  96  18:31  High Templar, Archon  
  94  18:39  Archon x2  
  86  18:45  Zealot x2  
  86  18:46  Zealot  
  88  18:56  Protoss Ground Armor Level 1  
  88  19:00  Photon Cannon  
  88  19:05  High Templar x3  
  88  19:06  High Templar  
  96  19:11  Zealot x2  
  100  19:18  Probe  
  100  19:19  Probe x2  
  100  19:20  Pylon  
  103  19:27  Probe  
  103  19:29  High Templar  
  103  19:30  High Templar  
  108  19:33  Probe  
  108  19:35  Nexus, Archon  
  108  19:36  Pylon  
  108  19:39  Probe  
  108  19:41  Warp Prism  
  109  19:49  Zealot  
  109  19:50  Zealot x5  
  123  19:55  Probe  
  124  20:01  Nexus  
  124  20:04  Observer  
  124  20:05  Pylon  
  122  20:17  High Templar x4  
  129  20:21  Archon x2  
  129  20:22  Stalker x2  
  129  20:23  Stalker x2  
  137  20:32  Photon Cannon  
  137  20:34  Shield Battery  
  136  20:48  Zealot  
  138  20:50  High Templar  
  138  20:52  High Templar x2  
  138  20:56  Archon  
  144  20:57  Stalker x4  
  148  21:12  Probe  
  149  21:23  Photon Cannon, Stalker x2  
  149  21:25  Shield Battery  
  153  21:29  Pylon  
  153  21:37  Stalker x4  
  153  21:38  Stalker  
  131  21:54  Stalker x3  
  109  22:15  Archon x2  
  98  22:22  Stalker x3  
  98  22:23  Stalker x5  
Show
View Real Time Build Order
Export as new Build Order

llllllllllll Zerg 

Build Orders: Hatch First 

Get SALT Encoding   

  12  0:02  Drone  
  13  0:13  Drone  
  14  0:19  Overlord  
  14  0:39  Drone x2  
  14  0:40  Drone  
  17  0:52  Drone  
  18  1:00  Hatchery  
  18  1:02  Drone  
  18  1:13  Spawning Pool  
  18  1:16  Extractor  
  16  1:21  Drone  
  16  1:23  Drone  
  18  1:33  Overlord  
  19  2:02  Hatchery  
  19  2:08  Zergling x6  
  19  2:10  Queen  
  23  2:20  Zergling x2  
  24  2:23  Spine Crawler x2  
  24  2:25  Spine Crawler  
  20  2:31  Baneling Nest  
  20  2:33  Zergling x2  
  20  2:42  Zergling x2  
  21  2:53  Zergling x2  
  23  2:59  Spine Crawler  
  23  3:00  Spine Crawler  
  23  3:11  Zergling x2  
  24  3:14  Baneling  
  24  3:15  Baneling x5  
  24  3:17  Zergling x2  
  25  3:23  Zergling x2  
  25  3:24  Zergling x2  
  26  3:30  Zergling x4  
  26  3:53  Zergling x4  
  19  3:58  Zergling x2  
  17  4:07  Zergling x4  
  17  4:08  Zergling x2  
  20  4:16  Zergling x2  
  22  4:28  Overlord  
  20  4:37  Drone  
  19  4:47  Drone x2  
  19  4:49  Hatchery  
  20  4:54  Drone  
  20  4:55  Drone  
  22  5:10  Queen  
  24  5:15  Drone  
  24  5:19  Drone  
  26  5:35  Drone x3  
  29  5:53  Drone  
  29  5:55  Queen, Spore Crawler  
  29  6:03  Drone x2  
  29  6:12  Drone x2  
  29  6:13  Queen  
  33  6:20  Drone x2, Spore Crawler  
  33  6:22  Drone  
  35  6:27  Drone  
  36  6:35  Overlord x2  
  36  6:52  Hatchery  
  35  6:54  Drone  
  35  6:55  Drone x3  
  35  7:00  Drone x2  
  41  7:04  Drone x2  
  43  7:11  Drone, Overlord  
  44  7:16  Overlord  
  44  7:22  Lair  
  44  7:29  Overlord  
  44  7:32  Extractor  
  44  7:35  Zergling x4  
  44  7:37  Drone x4  
  46  7:41  Drone x2  
  51  7:46  Drone x3  
  51  7:48  Extractor  
  51  7:49  Drone, Extractor  
  53  7:52  Zergling x2  
  54  8:03  Overlord  
  54  8:04  Overlord  
  54  8:06  Drone x3  
  54  8:08  Metabolic Boost  
  57  8:19  Zergling x8  
  60  8:24  Drone  
  60  8:25  Drone x3  
  60  8:33  Drone  
  62  8:34  Drone x4  
  65  8:43  Hydralisk Den  
  65  8:47  Drone x4  
  68  8:55  Overlord x2  
  68  8:59  Overlord  
  68  9:11  Hydralisk x6  
  68  9:14  Hydralisk  
  68  9:15  Hydralisk  
  84  9:18  Muscular Augments  
  84  9:25  Overlord  
  84  9:26  Hydralisk  
  84  9:27  Hydralisk  
  84  9:28  Zergling x4  
  90  9:36  Hydralisk x3  
  90  9:37  Zergling x2  
  97  9:43  Hydralisk  
  97  9:44  Zergling x2  
  100  9:50  Hydralisk x2  
  100  9:51  Zergling x2  
  100  9:52  Zergling x4  
  99  9:57  Zergling x10  
  104  10:10  Evolution Chamber  
  100  10:18  Hydralisk  
  100  10:19  Hydralisk x5  
  109  10:25  Drone x5  
  111  10:35  Drone x5  
  110  10:36  Zerg Melee Weapons Level 1  
  110  10:43  Overseer  
  110  10:47  Drone  
  110  10:48  Drone x3  
  110  10:49  Zergling x2  
  115  10:50  Zergling x10, Extractor x2  
  115  10:51  Grooved Spines  
  115  10:55  Queen  
  120  10:58  Zergling x2  
  120  11:00  Overlord  
  120  11:01  Overlord  
  121  11:09  Overlord x2  
  121  11:18  Baneling x7  
  121  11:20  Zergling x4  
  121  11:21  Zergling x4  
  125  11:27  Hatchery  
  124  11:36  Zergling x18  
  133  11:41  Overlord x2  
  133  11:45  Spire  
  132  11:47  Overlord x2  
  132  12:00  Baneling  
  132  12:01  Baneling x5  
  132  12:06  Drone x4  
  132  12:07  Drone x5  
  141  12:22  Queen  
  141  12:23  Overlord x2  
  141  12:26  Extractor  
  141  12:28  Extractor  
  141  12:33  Spore Crawler  
  139  12:56  Mutalisk  
  139  12:57  Mutalisk x14  
  168  13:00  Zergling x8  
  168  13:05  Centrifical Hooks  
  171  13:10  Hydralisk  
  171  13:11  Hydralisk  
  171  13:12  Zergling x2  
  176  13:25  Baneling  
  176  13:26  Baneling x6  
  176  13:27  Zergling x2  
  176  13:28  Zergling x14  
  181  13:34  Hydralisk  
  181  13:35  Hydralisk x4  
  181  13:36  Zergling x4  
  188  13:49  Zergling x2  
  188  13:50  Zergling x12  
  194  13:58  Drone  
  194  13:59  Drone x6  
  194  14:01  Infestation Pit  
  191  14:05  Hydralisk  
  193  14:23  Hydralisk  
  182  14:24  Hydralisk x8  
  182  14:28  Baneling  
  182  14:29  Baneling x16  
  199  14:38  Hive, Spore Crawler  
  198  14:39  Spine Crawler  
  198  14:40  Zerg Melee Weapons Level 2  
  197  14:48  Baneling x4  
  197  14:49  Baneling x2  
  197  14:50  Zergling x2  
  197  14:51  Zergling x4  
  199  15:06  Zergling x4  
  199  15:07  Zergling x14  
  173  15:21  Mutalisk  
  173  15:22  Mutalisk x6  
  184  15:30  Baneling x9  
  184  15:40  Zergling x14  
  191  15:48  Zergling x4  
  191  15:55  Hatchery  
  143  16:10  Hydralisk  
  143  16:11  Hydralisk x6  
  126  16:20  Zergling x16  
  126  16:21  Zergling x4  
  126  16:23  Hydralisk x2  
  140  16:35  Hydralisk x7  
  154  16:53  Hydralisk x4  
  160  16:56  Zerg Ground Armor Level 1  
  158  17:01  Corruptor  
  158  17:02  Corruptor x3  
  158  17:08  Greater Spire  
  166  17:16  Baneling x11  
  144  17:30  Hydralisk  
  144  17:31  Hydralisk x7  
  139  17:42  Zergling x2  
  139  17:44  Zergling x18  
  136  17:45  Zergling x2  
  136  17:50  Zergling x8  
  145  18:01  Zergling x2  
  145  18:02  Zergling x16  
  152  18:09  Zergling x10  
  152  18:10  Zergling x2  
  156  18:17  Baneling  
  156  18:18  Baneling x10  
  156  18:27  Zergling x14  
  116  18:46  Mutalisk  
  116  18:47  Mutalisk x6  
  113  18:59  Brood Lord x2  
  117  19:04  Infestor  
  117  19:05  Hydralisk x4  
  127  19:15  Baneling  
  127  19:16  Baneling x5  
  127  19:18  Corruptor x2  
  131  19:28  Corruptor x2  
  135  19:50  Overseer x2  
  135  19:52  Brood Lord x2  
  139  19:57  Corruptor x3  
  139  19:58  Overlord  
  145  20:05  Brood Lord  
  145  20:06  Brood Lord  
  149  20:12  Hydralisk x3  
  155  20:17  Zergling x12  
  161  20:30  Brood Lord  
  161  20:31  Brood Lord x2  
  167  20:37  Hydralisk  
  162  21:02  Infestor  
  162  21:03  Infestor x3  
  167  21:04  Hydralisk  
  167  21:05  Hydralisk x5  
  167  21:07  Zergling x2  
  180  21:24  Hatchery  
  179  21:31  Infestor  
  175  21:41  Infestor  
  175  21:42  Infestor x2, Hydralisk  
  175  21:43  Hydralisk x2  
  181  21:53  Hydralisk  
  161  21:54  Hydralisk x2  
  161  21:55  Zergling x4  
  161  21:56  Zergling x4  
  168  22:08  Hydralisk x3  
  151  22:09  Zergling x2  
Tags
 
Add a new tag
Caveats
  • Supply blocks, unpowered buildings, or Contaminate may cause inaccurate times.
  • Supply counts are checked every 10 seconds.